 Dungeon Crawl Stone Soup version 0.23-a0-299-g9a66eeb (webtiles) character file.

29 iamserjio the Chucker (level 3, -3/18 HPs)
             Began as a Vine Stalker Hunter on Oct 6, 2018.
             Slain by Natasha (5 damage)
             ... on level 2 of the Dungeon.
             The game lasted 00:03:14 (341 turns).

iamserjio the Chucker (Vine Stalker Hunter)          Turns: 341, Time: 00:03:14

Health: -3/18      AC:  7    Str: 14    XL:     3   Next: 16%
Magic:  0/4        EV: 11    Int: 12    God:
Gold:   66         SH:  0    Dex: 14    Spells: 2/2 levels left

rFire    . . .     SeeInvis .   a - +0 short sword
rCold    . . .     Gourm    .   (no shield)
rNeg     . . .     Faith    .   e - +0 ring mail
rPois    .         Spirit   +   k - +1 helmet
rElec    .         Reflect  .   (no cloak)
rCorr    .         Harm     .   (no gloves)
MR       .....                  (no boots)
Stlth    +.........             (no amulet)
HPRegen  0.06/turn              (no ring)
MPRegen  0.09/turn              (no ring)

@: no status effects
A: fangs 2, magic shield, antimagic bite, no potion heal 3, rot immunity
a: no special abilities


You were on level 2 of the Dungeon.
You were not hungry.

You visited 1 branch of the dungeon, and saw 2 of its levels.

You collected 66 gold pieces.

Inventory:

Hand Weapons
 a - a +0 short sword (weapon)
 g - a +2 dagger of pain
 n - a +0 short sword of venom
Missiles
 c - 3 javelins (quivered)
 d - a throwing net {!f}
 l - 5 arrows
Armour
 b - a +0 leather armour
 e - a +0 ring mail (worn)
 k - a +1 helmet (worn)
Scrolls
 h - a scroll of identify {unknown}
 m - a scroll of teleportation {unknown}
Potions
 i - a potion of lignification {unknown}
 j - a potion of heal wounds {unknown}
Comestibles
 f - a ration


   Skills:
 + Level 2.3 Fighting
 - Level 3.6 Throwing
 - Level 1.5 Dodging
 - Level 1.2 Stealth
 * Level 2.2 Unarmed Combat


You had 2 spell levels left.
You didn't know any spells.
Your spell library was empty.

Dungeon Overview and Level Annotations

Branches:
Dungeon (2/15)

Altars:

Annotations:
D:2 Natasha


Innate Abilities, Weirdness & Mutations

You have extremely sharp teeth.
When hurt, damage is shared between your health and your magic reserves.
Your bite disrupts and absorbs the magic of your enemies.
Potions cannot restore your health.
You are immune to rotting.


Message History

You hit Natasha but do no damage.
Natasha struggles against the net.
You strike the helpless Natasha from behind!
You puncture Natasha!
Natasha struggles against the net.
The net rips apart, and Natasha comes free!
You miss Natasha. You bite Natasha, but do no damage. Natasha misses you.
You closely miss Natasha. Your bite misses Natasha.
Natasha mewls in sadness.
Natasha claws you but does no damage. Natasha casts a spell at you.
You resist with some effort.
You closely miss Natasha. Your bite misses Natasha. Natasha claws you.
* * * LOW HITPOINT WARNING * * *
Quiver which item? (- for none, * to show all) (? for menu, Esc to quit)
Quivering
c - 4 javelins for throwing.
Throwing (i - inventory. (/) - cycle)
c - 4 javelins (quivered)
Aim: Natasha (severely wounded)
You throw a javelin. The javelin closely misses Natasha.
The javelin hits the hobgoblin but does no damage.
Natasha claws you!
You die...

... #.# #+#..#+#.# #
#.######.#.....$
#####.#....#.#.....
...................
................... ..
.................. # #..
...............##+# .#....
..............gh@.# .#.#..
##............#####+#......
#.............s...g..>.#
#.................h[...#
#............###.......#
##########...# #.......#
#...# #.......# #...#
#.......# #...# #.......#


You could see Natasha and a hobgoblin.

Vanquished Creatures
  A ball python (D:1)
  4 bats (D:1)
  2 giant cockroaches
  2 hobgoblins (D:1)
  4 jackals (D:1)
  2 kobolds
  A frilled lizard (D:1)
  6 goblins
  A rat (D:1)
23 creatures vanquished.

Notes
Turn   | Place    | Note
-------+----------+-------------------------------------------
     0 | D:1      | iamserjio the Vine Stalker Hunter began the quest for the
                  | Orb.
     0 | D:1      | Reached XP level 1. HP: 11/11 MP: 2/2
   108 | D:1      | Reached skill level 1 in Unarmed Combat
   111 | D:1      | Reached XP level 2. HP: 4/15 MP: 3/3
   251 | D:1      | Reached XP level 3. HP: 4/18 MP: 4/4
   316 | D:2      | Noticed Natasha
   341 | D:2      | Slain by Natasha

Vault maps used:
D:1:      dpeg_arrival_rhombi
D:2:      overflow_temple_1_default, gammafunk_temple_overflow_pools,
          uniq_jessica, uniq_natasha

Skill      XL: |  1  2 |
---------------+-------+-----
Fighting       | 2 |  2.3
Unarmed Combat | 1 2 |  2.2
Throwing       | |  3.6
Dodging        | |  1.5
Stealth        | |  1.2

Action                   || total
-------------------------++-------
Melee: Short sword       ||    64
       Bite              ||    18
Throw: Javelin           ||    20
       Throwing net      ||     2
 Stab: Sleeping          ||     1
       Held in net/web   ||     1
Armor: Ring mail         ||    31
Dodge: Dodged            ||    55

Table legend:
 A = Non-vault XP
 B = Vault XP
 C = Vault XP percentage of total XP
 D = Non-vault monster count
 E = Vault monster count
 F = Vault count percentage of total count
                 A         B        C        D         E       F
            +---------+---------+-------+---------+---------+-------
      Total |      42 |       0 |   0.0 |      23 |       0 |   0.0
            +---------+---------+-------+---------+---------+-------
        D:1 |      36 |       0 |   0.0 |      20 |       0 |   0.0
        D:2 |       6 |       0 |   0.0 |       3 |       0 |   0.0
            +---------+---------+-------+---------+---------+-------
